 Dungeon Crawl Stone Soup version 0.32-a0-996-gb3226c233f (webtiles) character file.

Game seed: 672435768516043595

91 GeoRichter the Firebug (level 4, 0/33 HPs)
             Began as a Draconian Fire Elementalist on Apr 23, 2024.
             Was a Priest of Cheibriados.
             Slain by an orc priest
             ... wielding a +0 flail
              (6 damage)
             ... on level 2 of the Dungeon.
             The game lasted 00:03:25 (2130 turns).

GeoRichter the Firebug (DrFE)                       Turns: 2130, Time: 00:03:25

Health: 0/33       AC:  6    Str: 17    XL:     4   Next: 34%
Magic:  0/8        EV: 11    Int: 23    God:    Cheibriados [***...]
Gold:   85         SH:  0    Dex: 17    Spells: 5/8 levels left

rFire   . . .        g - +0 spear
rCold   . . .        (no shield)
rNeg    . . .        (body armour unavailable)
rPois   .            (helmet restricted)
rElec   .            d - +0 cloak
rCorr   .            (no gloves)
SInv    .            (no boots)
Will    .....        k - amulet of regeneration
Stlth   ++           (no ring)
HPRegen 1.05/turn    (no ring)
MPRegen 0.11/turn

%: no passive effects
@: very slow
A: AC +5, unfitting armour, cold-blooded
a: Renounce Religion, Bend Time, Temporal Distortion


You were on level 2 of the Dungeon.
You worshipped Cheibriados.
Cheibriados was most pleased with you.
You visited 1 branch of the dungeon, and saw 3 of its levels.

You collected 85 gold pieces.

Inventory:

Hand Weapons
 g - a +0 spear (weapon)
   (You found it on level 1 of the Dungeon)
Armour
 d - a +0 cloak (worn)
   (You found it on level 1 of the Dungeon)
Jewellery
 k - an amulet of regeneration (around neck)
   (You found it on level 1 of the Dungeon)
Scrolls
 e - a scroll of vulnerability {!r}
 f - a scroll of identify {unknown}
 m - a scroll of enchant weapon {unknown}
 n - a scroll of amnesia {unknown}
Potions
 a - a potion of heal wounds {unknown}
 b - a potion of curing {@q1}
 c - a potion of berserk rage {unknown}
 h - a potion of mutation {unknown}
 i - a potion of attraction {unknown}
 j - a potion of brilliance {unknown}
 l - a potion of haste {unknown}
 o - a potion of enlightenment {unknown}


   Skills:
 - Level 1.7 Dodging
 - Level 1.7 Stealth
 + Level 2.9 Spellcasting
 - Level 1.0 Conjurations
 * Level 4.5 Fire Magic


You had 5 spell levels left.
You knew the following spells:

 Your Spells              Type           Power      Damage    Failure   Level
a - Foxfire               Conj/Fire      64%        2x1d7     3%          1
b - Scorch                Fire           48%        2d7       2%          2

Your spell library contained the following spells:

 Spells                   Type           Power      Damage    Failure   Level
 Inner Flame              Hex/Fire       13%        N/A       14%         3
 Volatile Blastmotes      Fire/Tloc      26%        2d12      14%         3
 Flame Wave               Conj/Fire      16%        2d7       36%         4


Dungeon Overview and Level Annotations

Branches:
Dungeon (3/15) Zot: 24323

Altars:
Cheibriados
Elyvilon


Innate Abilities, Weirdness & Mutations

Your plain brown scales are hard. (AC +5)
You cannot fit into any form of body armour.
You are cold-blooded and may be slowed by cold attacks.


Message History

The orc priest attacks as it pursues you!
The orc priest closely misses you. The orc hits you with a +0 hand axe.
* * * LOW HITPOINT WARNING * * *
There is a stone staircase leading up here.
The orc barely misses you.
The orc priest calls upon Beogh to heal the orc.
The orc's wounds heal themselves!
You climb upwards.
There is a stone staircase leading down here.
Casting: Foxfire (safe; 3% risk of failure)
Press: ? - help, Q - select action, (/) - cycle Dir - look around, f - activate You conjure some foxfire!
The orc hits you but does no damage.
The orc priest hits you with a +0 flail.
* * * LOW HITPOINT WARNING * * *
You hit the orc priest but do no damage.
Your tail-slap misses the orc priest.
The orc priest is heavily wounded.
The foxfire hits the orc priest.
The orc priest is severely wounded.
The orc barely misses you. The orc priest closely misses you.
The orc hits you with a +0 hand axe.
* * * LOW HITPOINT WARNING * * *
You barely miss the orc priest.
The orc priest is severely wounded.
The orc priest closely misses you.
Your foxfire dissipates!
The orc barely misses you.
The orc priest hits you with a +0 flail.
* * * LOW HITPOINT WARNING * * *
It was a potion of curing.
You feel better. The orc hits you but does no damage.
The orc priest invokes the aid of Beogh against you.
Beogh smites you!
* * * LOW HITPOINT WARNING * * *
You hit the orc priest.
The orc priest is severely wounded.
The orc hits you but does no damage.
The orc priest hits you with a +0 flail.
* * * LOW HITPOINT WARNING * * *
You closely miss the orc priest. You tail-slap the orc priest.
The orc priest is almost dead.
The orc hits you but does no damage. The orc priest barely misses you.
You barely miss the orc priest.
You tail-slap the orc priest, but do no damage.
The orc priest is almost dead.
The orc hits you but does no damage.
The orc priest hits you with a +0 flail.
You die...
Cheibriados appreciates the motionlessness of death.

........###....♣.♣.♣#♣.##.# #....
........####<#.........##.###.###
...............♣.♣#♣#♣###.##..#
.........###.##...#.# #.....#
....................#####.##÷.#
........####..##..............###
######### ##..##.#..##........##
##.o#.#.)##..##.#...#
##o@.##.....##♣♣♣♣..
##..)..)[.##♣♣♣♣♣♣#
########..##.)....♣♣.~P.♣
####.......[....)#♣.♣♣.~~~P♣
####...)##.........)#♣....~~~♣♣
♣#♣........♣.♣......).#♣♣....~.♣♣
...........#.########.# ♣♣♣P.P♣♣♣
..♣.......#♣.♣ #.## ♣♣♣♣♣♣♣#
..##.#######.# #..# #.#####.


You could see an orc priest and an orc.

Vanquished Creatures
  Robin (D:2)
  2 adders (D:2)
  2 dart slugs (D:2)
  A ribbon worm (D:2)
  An orc (D:3)
  8 ball pythons
  3 endoplasms
  2 giant cockroaches
  6 hobgoblins
  2 jackals (D:1)
  2 bats (D:2)
  6 frilled lizards
  11 goblins
  5 kobolds
  2 rats
54 creatures vanquished.

Vanquished Creatures (others)
  55 foxfires
55 creatures vanquished.

Grand Total: 109 creatures vanquished

Notes
Turn   | Place    | Note
-------+----------+-------------------------------------------
     0 | D:1      | GeoRichter the Draconian Fire Elementalist began the quest
                  | for the Orb.
     0 | D:1      | Reached XP level 1. HP: 14/14 MP: 3/3
    13 | D:1      | Found a faded altar of an unknown god.
    74 | D:1      | Prayed at the altar of an unknown god.
    74 | D:1      | Became a worshipper of Cheibriados the Contemplative
    74 | D:1      | Reached * piety under Cheibriados
   297 | D:1      | Reached XP level 2. HP: 20/20 MP: 1/5
   463 | D:1      | Learned a level 2 spell: Scorch
   980 | D:2      | Reached ** piety under Cheibriados
  1145 | D:2      | Reached XP level 3. HP: 26/26 MP: 3/6
  1189 | D:2      | Reached skill level 4 in Fire Magic
  1339 | D:2      | Noticed Robin
  1487 | D:2      | Killed Robin
  1490 | D:2      | Reached XP level 4. HP: 33/33 MP: 0/8
  1599 | D:2      | Found a white marble altar of Elyvilon.
  1712 | D:2      | Reached *** piety under Cheibriados
  2130 | D:2      | Slain by an orc priest

Illustrated notes

Levels and vault maps discovered:
D:1:      dpeg_arrival_fog, layout_basic, hellmonk_ecumenical_altar_run_dry
D:2:      layout_rooms, basic_altar, serial_forest,
          infiniplex_forest_lined_room_3, infiniplex_forest_lined_4_way,
          infiniplex_forest_pool, infiniplex_forest_lined_3,
          infiniplex_forest_clump_small, infiniplex_forest_lined_3_way,
          infiniplex_forest_straight_3, infiniplex_forest_clump_diagonal,
          uniq_robin
D:3:      minmay_roachtagon, layout_basic, overflow_temple_1_default,
          nicolae_overflow_crystal_walls, minmay_bisected

Skill      XL: |  1  2  3 |
---------------+----------+-----
Fire Magic     | 4 |  4.5
Dodging        | |  1.7
Stealth        | |  1.7
Spellcasting   | |  2.9
Conjurations   | |  1.0

Action                     |  1- 3 |  4- 6 || total
---------------------------+-------+-------++-------
  Melee: Spear             |    19 |     5 ||    24
         Tailslap          |     3 |     2 ||     5
   Cast: Foxfire           |    31 |     1 ||    32
         Scorch            |    23 |    16 ||    39
    Use: Scroll            |     1 |       ||     1
         Potion            |     1 |     1 ||     2
 Armour: Skin              |    27 |    19 ||    46
  Dodge: Dodged            |    23 |     8 ||    31

Table legend: (Time is in decaauts)
 A = Elapsed time spent in this place.
 B = Non-inter-level travel time spent in this place.
 C = Inter-level travel time spent in this place.
 D = Time resting spent in this place.
 E = Time spent auto-exploring this place.
 F = Levels seen in this place.
 G = Mean time per level.
                   A        B        C        D        E       F      G
               +--------+--------+--------+--------+--------+-----+--------+
         Total |   2633 |   2576 |     57 |     62 |   2085 |   3 |  877.7 |
       Dungeon |   2633 |   2576 |     57 |     62 |   2085 |   3 |  877.7 |
               +--------+--------+--------+--------+--------+-----+--------+

Top non-repeatable levels by time:
     D:2: 1320 daAuts
     D:1: 1302 daAuts
     D:3: 10 daAuts
